 Dungeon Crawl Stone Soup version 0.31-a0-981-geadf994542 (webtiles) character file.

Game seed: 3350449174548573508

1056 sammy202020 the Trooper (level 8, -5/78 HPs)
             Began as a Gargoyle Berserker on Oct 31, 2023.
             Was a Believer of Trog.
             Slain by a two-headed ogre
             ... wielding a +0 giant spiked club
              (18 damage)
             ... on level 5 of the Dungeon.
             The game lasted 00:04:38 (2982 turns).

sammy202020 the Trooper (Gargoyle Berserker)        Turns: 2982, Time: 00:04:39

Health: -5/78      AC: 14    Str: 20    XL:     8   Next: 26%
Magic:  8/8        EV:  7    Int: 11    God:    Trog [**....]
Gold:   192        SH:  0    Dex:  9    Spells: 7/7 levels left

rFire   . . .        p - +2 whip (flame)
rCold   . . .        (no shield)
rNeg    + . .        d - +0 plate armour
rPois   ∞            (no helmet)
rElec   +            (no cloak)
rCorr   .            (no gloves)
SInv    .            (no boots)
Will    +....        (no amulet) Stlth
                     m - ring of willpower
HPRegen 0.33/turn    (no ring)
MPRegen 0.11/turn

%: no passive effects
@: berserking (expiring), corroded, very quick
A: sickness immunity, AC +5, negative energy resistance 1, electricity
resistance, torment resistance 1, petrification resistance
a: Renounce Religion, Berserk, Trog's Hand


You were on level 5 of the Dungeon.
You worshipped Trog.
Trog was pleased with you.
You visited 1 branch of the dungeon, and saw 5 of its levels.

You collected 192 gold pieces.

Inventory:

Hand Weapons
 f - a +0 flail
 p - a +2 whip of flaming (weapon)
Armour
 d - a +0 plate armour (worn)
Jewellery
 g - a ring of ice
 m - a ring of willpower (left hand)
Wands
 o - a wand of roots (9)
Scrolls
 e - a scroll of butterflies {unknown}
 j - 2 scrolls of identify
 l - a scroll of noise
 n - a scroll of fear
Potions
 a - a potion of attraction {unknown}
 b - 4 potions of enlightenment
 c - 3 potions of brilliance
 h - 3 potions of heal wounds
 i - a potion of curing {unknown}
 k - a potion of might {unknown}
 q - 2 potions of mutation


   Skills:
 * Level 6.4 Fighting
 * Level 5.7 Maces & Flails
 * Level 5.8 Armour
 + Level 3.3 Dodging


You had 7 spell levels left.
You didn't know any spells.
Your spell library was empty.

Dungeon Overview and Level Annotations

Branches:
Dungeon (5/15)
 Temple: D:4-7

Altars:
Fedhas
Qazlal
Xom


Innate Abilities, Weirdness & Mutations

You are immune to sickness and miasma.
Your stone body is resilient. (AC +5)
You are immune to poison.
You resist negative energy. (rN+)
You are resistant to electric shocks. (rElec)
You are resistant to unholy torment.
You are immune to petrification.


Message History

You hit the acid dragon but do no damage.
The acid dragon is lightly wounded.
The acid dragon bites you!
* * * LOW HITPOINT WARNING * * *
The acid dragon claws you but does no damage.
You closely miss the acid dragon.
The acid dragon is lightly wounded.
The acid dragon bites you but does no damage.
The acid dragon claws you but does no damage.
A two-headed ogre comes into view.
It is wielding a +0 giant spiked club and a +0 giant club.
You hit the acid dragon. You burn the acid dragon.
The acid dragon is moderately wounded.
A red film seems to cover your vision as you go berserk!
You feel yourself moving faster!
You feel mighty!
The acid dragon bites you but does no damage.
The acid dragon barely misses you.
You hit the acid dragon. You burn the acid dragon.
The acid dragon is heavily wounded.
The acid dragon bites you but does no damage.
The acid dragon barely misses you.
You hit the acid dragon but do no damage.
The acid dragon is heavily wounded.
An orc comes into view. It is wielding a +0 short sword.
The acid dragon barely misses you. The acid dragon claws you.
* * * LOW HITPOINT WARNING * * *
You closely miss the acid dragon.
The acid dragon is heavily wounded.
You whack the acid dragon! You burn the acid dragon.
The acid dragon is almost dead.
The acid dragon closely misses you. The acid dragon claws you.
* * * LOW HITPOINT WARNING * * *
You hit the acid dragon. You burn the acid dragon.
You kill the acid dragon!
Trog accepts your kill.
You whack the two-headed ogre! You burn the two-headed ogre.
The two-headed ogre is lightly wounded.
You closely miss the two-headed ogre.
The two-headed ogre is lightly wounded.
The two-headed ogre hits you with a +0 giant spiked club!!
You die...

.# .#.# #[#
...# .# #.#
#..# .#
#..#..# .#
#.#..# .#
#..?### .#
#..o.# .#
#..O.###.#
...#...@)†..#
#....<#####
.....###.#
..... #.#
##.#. #.# #.#
..# # ###


You could see a two-headed ogre and an orc.

Vanquished Creatures
  Pikel (D:4)
  An acid dragon (D:5)
  An ice beast (D:4)
  A centaur (D:5)
  A phantom (D:4)
  A kobold brigand (D:5)
  A hound (D:5)
  A sleepcap (D:5)
  Terence (D:3)
  6 adders
  2 worms (D:2)
  A dart slug (D:4)
  An orc (D:3)
  10 ball pythons
  6 endoplasms
  2 giant cockroaches
  6 goblins
  6 hobgoblins
  4 kobolds (D:3)
  A quokka (D:2)
  5 bats
  5 frilled lizards
  4 rats
68 creatures vanquished.

Notes
Turn   | Place    | Note
-------+----------+-------------------------------------------
     0 | D:1      | sammy202020 the Gargoyle Berserker began the quest for the
                  | Orb.
     0 | D:1      | Reached XP level 1. HP: 14/14 MP: 1/1
   383 | D:1      | Reached XP level 2. HP: 11/19 MP: 2/2
   520 | D:1      | You fall into a shaft and drop 1 floor!
   520 | D:2      | Identified the of Lechedgh
   568 | D:2      | Reached XP level 3. HP: 22/24 MP: 3/3
   811 | D:1      | Reached ** piety under Trog
   812 | D:1      | Reached skill level 4 in Fighting
   895 | D:1      | Reached XP level 4. HP: 29/29 MP: 4/4
  1249 | D:2      | Found a blossoming altar of Fedhas.
  1613 | D:3      | Noticed Terence
  1621 | D:3      | Killed Terence
  1625 | D:3      | Reached XP level 5. HP: 24/34 MP: 5/5
  1854 | D:3      | Found a shimmering altar of Xom.
  2195 | D:3      | Gained mutation: You have large cloven feet. [potion of
                  | mutation]
  2195 | D:3      | Lost mutation: You have large cloven feet. [potion of
                  | mutation]
  2222 | D:4      | Noticed a phantom
  2243 | D:4      | Killed a phantom
  2337 | D:4      | Found a stormy altar of Qazlal.
  2339 | D:4      | Noticed an air elemental
  2339 | D:4      | Noticed a fire elemental
  2339 | D:4      | Noticed a water elemental
  2357 | D:4      | Noticed a lemure
  2358 | D:4      | Noticed a lemure
  2361 | D:4      | Noticed Pikel
  2399 | D:4      | Killed Pikel
  2400 | D:4      | Reached skill level 5 in Fighting
  2400 | D:4      | Reached skill level 5 in Maces & Flails
  2400 | D:4      | Reached skill level 5 in Armour
  2400 | D:4      | Reached XP level 6. HP: 28/41 MP: 6/6
  2400 | D:4      | Reached XP level 7. HP: 31/45 MP: 7/7
  2924 | D:5      | Entered Level 5 of the Dungeon
  2945 | D:5      | Reached skill level 6 in Fighting
  2950 | D:5      | Reached XP level 8. HP: 23/51 MP: 8/8
  2972 | D:5      | Noticed a two-headed ogre
  2982 | D:5      | Slain by a two-headed ogre

Illustrated notes

Levels and vault maps discovered:
D:1:      matt_arrival_diagonals, layout_loops_ring, minmay_pentomino_q4
D:2:      layout_rooms, basic_altar, nicolae_houndstooth_variations
D:3:      layout_basic, nicolae_overflow_crystal_walls, uniq_terence
D:4:      layout_cave_pools, nicolae_qazlal_style_of_elements, uniq_pikel
D:5:      layout_loops_ring, chequers_temple_overflow_statue_of_worship,
          minmay_temple_entry_fiery, minmay_manual_mail, uniq_edmund,
          uniq_sigmund

Skill      XL: |  1  2  3  4  5  6  7 |
---------------+----------------------+-----
Armour         | 3 5 |  5.8
Fighting       | 4 5 6 |  6.4
Dodging        | 2 3 |  3.3
Maces & Flails | 5 |  5.7

Action                     |  1- 3 |  4- 6 |  7- 9 || total
---------------------------+-------+-------+-------++-------
  Melee: Mace              |    94 |   100 |     2 ||   196
         Punch             |     1 |     1 |       ||     2
         Whip              |       |       |    61 ||    61
 Invoke: Berserk           |       |     2 |     1 ||     3
         Trog's Hand       |       |       |     1 ||     1
    Use: Scroll            |       |    11 |       ||    11
         Potion            |       |     1 |       ||     1
 Armour: Animal skin       |    23 |       |       ||    23
         Plate armour      |    58 |   125 |    65 ||   248
  Dodge: Dodged            |    54 |    39 |    19 ||   112

Table legend: (Time is in decaauts)
 A = Elapsed time spent in this place.
 B = Non-inter-level travel time spent in this place.
 C = Inter-level travel time spent in this place.
 D = Time resting spent in this place.
 E = Time spent auto-exploring this place.
 F = Levels seen in this place.
 G = Mean time per level.
                   A        B        C        D        E       F      G
               +--------+--------+--------+--------+--------+-----+--------+
         Total |   3025 |   3025 |      0 |    276 |   1995 |   5 |  605.0 |
       Dungeon |   3025 |   3025 |      0 |    276 |   1995 |   5 |  605.0 |
               +--------+--------+--------+--------+--------+-----+--------+

Top non-repeatable levels by time:
     D:1: 934 daAuts
     D:4: 722 daAuts
     D:3: 677 daAuts
     D:2: 643 daAuts
     D:5: 47 daAuts
